 Dungeon Crawl Stone Soup version 0.29-a0-559-g359e09b9d1 (webtiles) character file.

Game seed: 11891792032308754068

5491 mandarbmax the Geomancer (level 11, 0/68 (73) HPs)
             Began as a Meteoran Earth Elementalist on June 11, 2022.
             Was a Follower of Ashenzari.
             Killed from afar by a raiju (24 damage)
             ... with a living lightning
             ... on level 5 of the Abyss.
             The game lasted 00:34:48 (3741 turns).

mandarbmax the Geomancer (MeEE)                     Turns: 3741, Time: 00:34:49

HP:   0/68 (73)     AC:  9    Str:  9    XL:     11   Next: 20%
MP:   19/21         EV: 19    Int: 21    God:    Ashenzari [*.....]
Gold: 436           SH:  6    Dex: 22    Spells: 12/22 levels left

rFire   . . .      SeeInvis .   d - +2 whip (drain)
rCold   . . .      Faith    .   E - +0 buckler
rNeg    . . .      Spirit   .   b - +0 robe
rPois   .          Reflect  .   F - +2 helmet of Apeoromancy {Elem, Cun} (curse)
rElec   .          Harm     .   s - +0 cloak
rCorr   .          Rampage  .   k - +2 pair of gloves
Will    +....                   (no boots)
Stlth   +.........              B - amulet of magic regeneration
HPRegen 0.21/turn               i - +6 ring of dexterity
MPRegen 0.57/turn               o - ring "All-seeing Boredom" {Wiz, Evo, Bglg} (curse)

@: glowing, drained
A: sense surroundings 2, otherworldly, glowing, explore regen, [frail 2]
a: Renounce Religion, Shatter the Chains


You were on level 5 of the Abyss.
You worshipped Ashenzari.
Ashenzari was aware of your devotion.
You visited 2 branches of the dungeon, and saw 10 of its levels.
You visited the Abyss 1 time.

You collected 436 gold pieces.

Inventory:

Hand Weapons
 d - a +2 whip of draining (weapon)
Missiles
 a - 73 stones
 x - 2 throwing nets
Armour
 b - a +0 robe (worn)
 k - a +2 pair of gloves (worn)
 s - a +0 cloak (worn)
 E - a +0 buckler (worn)
 F - the cursed +2 helmet of Apeoromancy (worn) {Elem, Cun}
   (You found it on level 7 of the Dungeon)

   It has a curse which improves the following skills: Elements: Fire Magic, Ice
   Magic, Air Magic and Earth Magic.
   Cunning:   Dodging and Stealth.
Jewellery
 i - a +6 ring of dexterity (left hand)
 o - the cursed ring "All-seeing Boredom" (right hand) {Wiz, Evo, Bglg}
   (You found it on level 2 of the Dungeon)

   [ring of wizardry]

   It improves your spell success rate.
   It has a curse which improves the following skills: Evocations: Evocations.
   Beguiling: Conjurations, Hexes and Translocations.
 y - a ring of willpower
 B - an amulet of magic regeneration (around neck)
Wands
 e - a wand of paralysis (7)
 z - a wand of digging (5)
Scrolls
 g - 2 scrolls of enchant weapon
 h - a scroll of magic mapping
 j - 2 scrolls of blinking
 l - a scroll of immolation
 m - 2 scrolls of teleportation
 u - a scroll of summoning
 w - 3 scrolls of poison
 C - 4 scrolls of vulnerability
 H - a scroll of amnesia
Potions
 c - a potion of magic
 f - 8 potions of curing
 n - a potion of resistance
 p - 3 potions of lignification
 q - 3 potions of mutation
 t - 2 potions of brilliance
 A - a potion of haste
 G - a potion of might
 I - a potion of cancellation
 J - a potion of heal wounds


   Skills:
 - Level 7.0 Fighting
 + Level 8.4(9.3) Dodging
 - Level 1.4(2.0) Stealth
 - Level 6.0 Shields
 + Level 6.4 Spellcasting
 - Level 7.1(8.0) Conjurations
 - Level 1.2 Transmutations
 - Level 9.3(10.2) Earth Magic
 - Level 5.0 Poison Magic
 + Level 0.0 Evocations


You had 12 spell levels left.
You knew the following spells:

 Your Spells              Type           Power      Damage    Failure   Level
a - Sandblast             Erth           98%        2d20      1%          1
b - Stone Arrow           Conj/Erth      90%        3d12      1%          3
c - Passwall              Tmut/Erth      25%        N/A       1%          2
d - Olgreb's Toxic Radia  Pois           27%        N/A       6%          4

Your spell library contained the following spells:

 Spells                   Type           Power      Damage    Failure   Level
 Sting                    Tmut/Pois      76%        1d6       1%          1
 Poisonous Vapours        Pois/Air       34%        N/A       2%          2
 Dazzling Flash           Conj/Hex       46%        N/A       2%          3
 Petrify                  Tmut/Erth      30%        N/A       4%          4
 Portal Projectile        Hex/Tloc       14%        N/A       14%         3
 Summon Guardian Golem    Hex/Summ       6%         N/A       14%         3
 Tukima's Dance           Hex            7%         N/A       14%         3
 Blade Hands              Tmut           5%         N/A       58%         5
 Agony                    Necr           6%         N/A       75%         5
 Silence                  Hex/Air        3%         N/A       75%         5
 Orb of Destruction       Conj           20%        9d8       80%         7
 Spellforged Servitor     Conj/Summ      11%        N/A       99%         7


Dungeon Overview and Level Annotations

Branches:
Dungeon (9/15)             Temple (1/1) D:7
   Lair: D:8-11         Orc: D:9-12

Altars:
Ashenzari
Cheibriados
Dithmenos
Elyvilon
Fedhas
Gozag
Hepliaklqana
Kikubaaqudgha
Nemelex Xobeh
Okawaru
Qazlal
Ru
Sif Muna
Trog
Uskayaw
Vehumet
Wu Jian
Xom
Zin

Annotations:
D:8 3 runed translucent doors, frustraionsimulator's ghost, novice SpHu
D:9 Erolcha


Innate Abilities, Weirdness & Mutations

You passively map the area around you.
You are easily found by Zot.
You glow in the dark.
You regain HP and MP as you explore.
[You are very frail. (-20% HP)]


Message History

The raiju bursts into living lightning!
The living lightning hits you!
The raiju blinks!
Casting: Sandblast (safe; 1% risk of failure)
Confirm with . or Enter, or press ? or * to list all spells.
You begin to radiate toxic energy.
The purple very ugly thing is poisoned.
The raiju is poisoned. x2; The raiju looks even sicker. x2
Unknown command.
The raiju looks even sicker. x2
Your toxic aura wanes.
The raiju bursts into living lightning!
The living lightning hits you!!
The raiju blinks!
Okay, then.
Casting: Olgreb's Toxic Radiance (dangerous; 6% risk of failure)
Confirm with . or Enter, or press ? or * to list all spells.
You begin to radiate toxic energy.
The raiju looks as sick as possible! x3
The raiju misses you.
Unknown command.
The raiju looks as sick as possible!
Your toxic aura wanes.
The raiju bites you. The raiju shocks you!
Unknown command.
Casting: Olgreb's Toxic Radiance (dangerous; 6% risk of failure)
Confirm with . or Enter, or press ? or * to list all spells.
You begin to radiate toxic energy.
The raiju looks as sick as possible! x2
A raiju comes into view.
The raiju bites you. The raiju shocks you!
* * * LOW HITPOINT WARNING * * *
Unknown command.
Unknown command.
Unknown command.
Blink to where?
Press: ? - help, Dir - move target A large abomination comes into view.
As you read the scroll of blinking, it crumbles to dust.
The raiju looks as sick as possible!
Your toxic aura wanes.
The raiju bursts into living lightning!
The living lightning hits the raiju.
The raiju completely resists.
The living lightning hits you!!
You die...

#.#..#.#...#.## ,
, , .#...#.#....
....#.#.... ** , #
...#.....#.
#........, *,* ,
##.###.#3..#,
......... , #..
#.#...# #......
,,* #...,#.#...#
#X.... .. , ...
#.#... ,
#...#....,, .#.
#.#...# #.....# ,
..,.,#.#...#####@#
* , #..,
#.#....h....#, *,
,, , #...hh###.#
***** *, ,,
*,#.......... * ,
, * ,#..........,
, , ,* *
,#..#######.# , ,
* * ,#.. *,.. , *,
,,* , ** * ##. * *
.# * , ,, #' * ,
,, , ,


You could see a large abomination and 3 raiju.

Vanquished Creatures
  A two-headed ogre (D:8)
  Joseph (D:8)
  A hornet (D:8)
  3 raiju (Abyss:4)
  A vampire (D:9)
  3 wyverns (D:8)
  9 yaks (D:9)
  A wraith (D:7)
  A steam dragon (D:7)
  2 water moccasins
  An orc warrior (D:8)
  3 ogres
  A phantom (D:7)
  2 kobold brigands
  A bullfrog (D:6)
  A gnoll sergeant (D:7)
  2 electric eels (D:8)
  2 howler monkeys
  3 hounds
  3 jellies
  3 gnoll shamans
  An orc priest (D:7)
  5 iguanas
  12 orc wizards
  21 gnolls
  18 adders
  A shadow imp (D:6)
  A white imp (D:5)
  3 ufetubi
  A worm (D:2)
  23 orcs
  2 ball pythons
  4 bats
  9 endoplasms
  4 goblins
  2 hobgoblins
  3 jackals (D:3)
  4 quokkas
  3 frilled lizards (D:1)
  18 kobolds
  4 rats
184 creatures vanquished.

Notes
Turn   | Place    | Note
-------+----------+-------------------------------------------
     0 | D:1      | mandarbmax the Meteoran Earth Elementalist began the quest
                  | for the Orb.
     0 | D:1      | Reached XP level 1. HP: 14/14 MP: 5/5
    58 | D:1      | Reached XP level 2. HP: 20/20 MP: 3/6
    87 | D:1      | Found a faded altar of an unknown god.
   199 | D:1      | Reached skill level 4 in Earth Magic
   199 | D:1      | Reached XP level 3. HP: 26/26 MP: 6/8
   203 | D:1      | Learned a level 3 spell: Stone Arrow
   629 | D:2      | Found a radiant altar of Vehumet.
   693 | D:2      | Reached skill level 5 in Earth Magic
   693 | D:2      | Reached XP level 4. HP: 33/33 MP: 3/9
   819 | D:2      | Learned a level 2 spell: Passwall
   842 | D:3      | Reached XP level 5. HP: 38/38 MP: 4/10
   914 | D:3      | Found a hide-covered altar of Uskayaw.
   920 | D:3      | Reached skill level 6 in Earth Magic
   980 | D:3      | Found a bloodstained altar of Trog.
  1085 | D:3      | Found a shadowy altar of Dithmenos.
  1178 | D:3      | Reached XP level 6. HP: 45/45 MP: 0/11
  1206 | D:4      | Reached skill level 7 in Earth Magic
  1248 | D:4      | HP: 1/67 [gnoll/+0 halberd[a gnoll shaman] (17)]
  1250 | D:4      | Reached XP level 7. HP: 1/50 MP: 1/14
  1354 | D:4      | Reached skill level 8 in Earth Magic
  1556 | D:5      | Entered Level 5 of the Dungeon
  1583 | D:5      | Reached skill level 9 in Earth Magic
  1590 | D:5      | Learned a level 4 spell: Olgreb's Toxic Radiance
  1617 | D:5      | Reached skill level 1 in Poison Magic
  1617 | D:5      | Reached XP level 8. HP: 57/57 MP: 8/15
  1637 | D:5      | Found a stormy altar of Qazlal.
  1723 | D:5      | Reached skill level 5 in Spellcasting
  1818 | D:6      | Found an ornate altar of the Wu Jian Council.
  1915 | D:6      | Reached skill level 1 in Fighting
  2046 | D:5      | Gained mutation: You passively map the area around you.
                  | [Meteoran growth]
  2046 | D:5      | Reached XP level 9. HP: 67/69 MP: 7/19
  2120 | D:6      | Reached skill level 5 in Dodging
  2303 | D:7      | Found an ancient bone altar of Kikubaaqudgha.
  2336 | D:7      | Reached skill level 5 in Fighting
  2369 | D:7      | Found a staircase to the Ecumenical Temple.
  2376 | Temple   | Entered the Ecumenical Temple
  2394 | Temple   | Became a worshipper of Ashenzari the Shackled
  2460 | D:7      | Reached skill level 1 in Conjurations
  2472 | D:7      | Found a shimmering altar of Xom.
  2861 | D:8      | Found a shimmering blue altar of Sif Muna.
  2861 | D:8      | Found an iron altar of Okawaru.
  2866 | D:8      | Noticed a two-headed ogre
  2873 | D:8      | Killed a two-headed ogre
  2874 | D:8      | Reached skill level 5 in Shields
  2874 | D:8      | Reached XP level 10. HP: 68/81 MP: 2/20
  2936 | D:8      | Noticed Joseph
  2942 | D:8      | Killed Joseph
  2968 | D:8      | Found a runed translucent gate.
  2968 | D:8      | Found a runed translucent gate.
  2968 | D:8      | Found a runed translucent gate.
  2970 | D:8      | Noticed frustraionsimulator's ghost (novice SpHu)
  3223 | D:8      | Reached * piety under Ashenzari
  3303 | D:8      | Reached skill level 5 in Poison Magic
  3415 | D:9      | Reached XP level 11. HP: 70/89 MP: 6/21
  3569 | D:9      | Noticed Erolcha
  3571 | D:9      | Cast into level 1 of the Abyss (Erolcha)
  3580 | Abyss:1  | Found a burning altar of Makhleb.
  3654 | Abyss:4  | Noticed a lich
  3668 | Abyss:4  | Noticed a spatial maelstrom
  3712 | Abyss:4  | Noticed a wretched star
  3713 | Abyss:4  | Noticed a yellow draconian
  3717 | Abyss:5  | Entered Level 5 of the Abyss
  3722 | Abyss:5  | Noticed a purple very ugly thing
  3741 | Abyss:5  | Noticed a large abomination
  3741 | Abyss:5  | Killed from afar by a raiju

Illustrated notes

Levels and vault maps discovered:
D:1:      lemuel_arrival_lava_pool, layout_basic,
          chequers_ecumenical_altar_grove
D:2:      layout_rooms, basic_altar
D:3:      layout_rooms, trog_book, mainiacjoe_overflow_paths,
          mainiacjoe_overflow_concentric_impassable, mrwooster_statue_mirror,
          grunt_ministairs_3
D:4:      layout_gridville
D:5:      layout_basic, nicolae_overflow_crystal_walls, serial_shops, shop
D:6:      layout_basic, mainiacjoe_overflow_brackets
D:7:      layout_cave_pools, nicolae_kikubaaqudgha_miasma_corner, tgw_xom,
          temple_green, minmay_misc_feat_columns
D:8:      layout_basic, nicolae_overflow_squiral, dpeg_oklobed_lair,
          ebering_ghost_rock_garden, uniq_joseph
D:9:      layout_loops_corners, orc_0_dummy, uniq_grum, uniq_erolcha
Temple:   eino_temple_lava
Abyss:5:  base: D:5, minivault_23, doesnt_abyss_rune_brain_food

Skill      XL: |  1  2  3  4  5  6  7  8  9 10 11 |
---------------+----------------------------------+-----
Spellcasting   | 3 4 6 |  6.4
Dodging        | 3 4 6 8 |  8.4
Earth Magic    | 4 5 6 7 9 |  9.3
Poison Magic   | 1 3 5 |  5.0
Fighting       | 3 5 7 |  7.0
Conjurations   | 6 7 |  7.1
Shields        | 5 6 |  6.0
Stealth        | |  1.4
Transmutations | |  1.2

Action                   |  1- 3 |  4- 6 |  7- 9 | 10-12 || total
-------------------------+-------+-------+-------+-------++-------
Melee: Unarmed           |       |     3 |       |       ||     3
       Whip              |       |    17 |    12 |    20 ||    49
       Punch             |       |     1 |       |       ||     1
 Cast: Sandblast         |    37 |    38 |    45 |    19 ||   139
       Stone Arrow       |       |    17 |    44 |    15 ||    76
       Passwall          |       |       |     1 |       ||     1
       Olgreb's Toxic Ra |       |       |    28 |    32 ||    60
Invok: Curse Item        |       |       |     1 |     1 ||     2
  Use: Scroll            |       |     8 |     1 |     5 ||    14
       Potion            |       |     1 |     1 |       ||     2
Armor: Robe              |     7 |     8 |    11 |    20 ||    46
Dodge: Dodged            |     3 |    30 |    39 |    29 ||   101
Block: Buckler           |       |       |     2 |     8 ||    10

Table legend: (Time is in decaauts)
 A = Elapsed time spent in this place.
 B = Non-inter-level travel time spent in this place.
 C = Inter-level travel time spent in this place.
 D = Time resting spent in this place.
 E = Time spent auto-exploring this place.
 F = Levels seen in this place.
 G = Mean time per level.
                   A        B        C        D        E       F      G
               +--------+--------+--------+--------+--------+-----+--------+
         Total |   3752 |   3458 |    294 |      3 |      0 |  15 |  250.1 |
       Dungeon |   3555 |   3270 |    285 |      3 |      0 |   9 |  395.0 |
        Temple |     27 |     18 |      9 |      0 |      0 |   1 |   27.0 |
         Abyss |    169 |    169 |      0 |      0 |      0 |   5 |   33.8 |
               +--------+--------+--------+--------+--------+-----+--------+

Top non-repeatable levels by time:
     D:8: 526 daAuts
     D:6: 453 daAuts
     D:1: 430 daAuts
     D:2: 401 daAuts
     D:5: 390 daAuts
     D:7: 374 daAuts
     D:4: 370 daAuts
     D:3: 361 daAuts
     D:9: 246 daAuts
 Abyss:4: 94 daAuts
  Temple: 27 daAuts
 Abyss:5: 23 daAuts
 Abyss:3: 20 daAuts
 Abyss:2: 17 daAuts
 Abyss:1: 12 daAuts
